 Dungeon Crawl Stone Soup version 0.23.2-33-g5129a83184 (webtiles) character file.

Game seed: 17735141070832444771

2043 doot the Magician (level 9, -1/48 HPs)
             Began as a Tengu Wizard on June 28, 2019.
             Was a Believer of Sif Muna.
             Slain by a bullfrog (3 damage)
             ... on level 7 of the Dungeon.
             The game lasted 00:21:31 (8767 turns).

doot the Magician (Tengu Wizard)                    Turns: 8767, Time: 00:21:32

Health: -1/48      AC:  4    Str:  8    XL:     9   Next: 24%
Magic:  17/20      EV: 15    Int: 22    God:    Sif Muna [**....]
Gold:   290        SH:  0    Dex: 12    Spells: 5/21 levels left

rFire    . . .     SeeInvis .   n - +5 quarterstaff (chaos)
rCold    . . .     Gourm    .   (shield currently unavailable)
rNeg     . . .     Faith    +   a - +0 robe
rPois    .         Spirit   .   b - +0 hat
rElec    .         Reflect  .   u - +0 cloak
rCorr    .         Harm     .   h - +0 pair of gloves
MR       .....                  (boots unavailable)
Stlth    ++++......             i - amulet of faith
HPRegen  0.16/turn              p - ring of stealth
MPRegen  0.17/turn              (no ring)

@: flying quickly and evasively, quick
A: beak, talons 3, able to fly
a: Stop Flying, Divine Energy, Renounce Religion


You were on level 7 of the Dungeon.
You worshipped Sif Muna.
Sif Muna was pleased with you.
You were not hungry.

You visited 2 branches of the dungeon, and saw 8 of its levels.

You collected 290 gold pieces.

Inventory:

Hand Weapons
 k - a +0 spear
 m - a +2 flail of venom
 n - a +5 quarterstaff of chaos (weapon)
Missiles
 l - a throwing net (quivered)
Armour
 a - a +0 robe (worn)
 b - a +0 hat (worn)
 h - a +0 pair of gloves (worn)
 u - a +0 cloak (worn)
Jewellery
 i - an amulet of faith (around neck)
 p - a ring of stealth (left hand)
 B - an uncursed ring of ice
 D - a +3 ring of strength {unknown}
Wands
 y - a wand of acid (9)
 F - a wand of flame (19)
Scrolls
 c - 7 scrolls of identify
 f - 6 scrolls of remove curse
 g - a scroll of magic mapping {unknown}
 q - a scroll of enchant weapon
 r - a scroll of amnesia
 s - a scroll of fear {unknown}
 v - a scroll of immolation {unknown}
 w - a scroll of fog {unknown}
 C - a scroll of teleportation {unknown}
Potions
 e - a potion of lignification {unknown}
 j - a potion of degeneration {unknown}
 o - 4 potions of flight
 t - a potion of heal wounds
 x - a potion of curing {unknown}
 z - 2 potions of might {unknown}
 A - a potion of invisibility {unknown}
Comestibles
 d - 10 rations
 E - a chunk of flesh


   Skills:
 + Level 1.7 Fighting
 + Level 1.8(3.5) Maces & Flails
 + Level 4.6(4.9) Staves
 + Level 3.2 Dodging
 + Level 5.2 Stealth
 + Level 6.7 Spellcasting
 + Level 6.3 Conjurations
 + Level 1.6 Summonings
 + Level 0.7 Translocations
 + Level 3.5 Fire Magic
 + Level 1.9 Air Magic
 + Level 1.2 Poison Magic


You had 5 spell levels left.
You knew the following spells:

 Your Spells              Type           Power        Failure   Level  Hunger
a - Magic Dart            Conj           ####         1%          1    None
b - Call Imp              Summ           ##......     6%          2    None
c - Blink                 Tloc           N/A          10%         2    None
d - Slow                  Hex            #.......     13%         2    None
e - Conjure Flame         Conj/Fire      ####....     3%          3    #......
f - Mephitic Cloud        Conj/Pois/Air  ###.....     7%          3    #......
g - Call Canine Familiar  Summ           ##......     13%         3    #......

Your spell library contained the following spells:

 Spells                   Type           Power        Failure   Level  Hunger
 Summon Small Mammal      Summ           ##..         4%          1    None
 Stone Arrow              Conj/Erth      ###...       7%          3    #......
 Sandblast                Erth           #.....       9%          1    None
 Passwall                 Tmut/Erth      #.......     13%         2    None
 Summon Guardian Golem    Hex/Summ       ##......     19%         3    #......
 Summon Lightning Spire   Summ/Air       ###.....     36%         4    ###....
 Summon Ice Beast         Ice/Summ       ##......     52%         4    ###....
 Petrify                  Tmut/Erth      #.......     63%         4    ###....
 Lee's Rapid Deconstruct  Erth           #.........   93%         5    #####..


Dungeon Overview and Level Annotations

Branches:
Dungeon (7/15)             Temple (1/1) D:4

Altars:
Ashenzari
Cheibriados
Dithmenos
Elyvilon
Fedhas
Gozag
Hepliaklqana
Kikubaaqudgha
Makhleb
Nemelex Xobeh
Okawaru
Qazlal
Ru
Sif Muna
Trog
Uskayaw
Vehumet
Wu Jian
Xom
Yredelemnul
Zin
The Shining One


Innate Abilities, Weirdness & Mutations

You have a beak for a mouth.
You have claws for feet.
You can fly continuously.


Message History

Confirm with . or Enter, or press ? or * to list all spells.
Aiming: Magic Dart (safe; 1% risk of failure)
Press: ? - help, Shift-Dir - straight line, f/p - bullfrog
Aim: a bullfrog (severely wounded, berserk, fast, unusually strong)
The magic dart hits the bullfrog.
The bullfrog is almost dead.
The bullfrog hits you!
* * * LOW HITPOINT WARNING * * *
The bullfrog hits you!
* * * LOW HITPOINT WARNING * * *
Unknown command.
Casting: Magic Dart (safe; 1% risk of failure)
Confirm with . or Enter, or press ? or * to list all spells.
Aiming: Magic Dart (safe; 1% risk of failure)
Press: ? - help, Shift-Dir - straight line, f/p - bullfrog
Aim: a bullfrog (almost dead, berserk, fast, unusually strong)
The magic dart hits the bullfrog.
The bullfrog is almost dead.
The bullfrog barely misses you. The bullfrog hits you.
You die...

###..#### #.#
#.......######
#.# #..........
#.# #.##.######
#.# #.##.######
###.##
#.##..(.... ....
#รท#########
#####[######.#
#...F@(......#
..(.###.########
. #.# ..# ####


You could see a bullfrog (berserk).

Vanquished Creatures
  A phantom (D:4)
  2 ogres (D:7)
  4 black bears (D:7)
  A sky beast (D:5)
  A wyvern zombie (D:6)
  2 scorpions
  2 howler monkeys
  4 crimson imps
  A centaur zombie (D:6)
  3 hounds
  3 orc priests
  Crazy Yiuf (D:3)
  2 jellies
  2 bullfrog skeletons (D:7)
  An iguana (D:4)
  5 orc wizards
  4 worker ants
  A hound skeleton (D:7)
  A howler monkey zombie (D:5)
  A worker ant zombie (D:5)
  5 gnolls
  A river rat (D:6)
  13 adders
  A shadow imp (D:7)
  4 worms
  2 dart slugs
  4 leopard geckos
  18 orcs
  3 ball pythons
  5 giant cockroaches
  12 goblins
  5 hobgoblins
  5 kobolds
  2 quokkas (D:4)
  14 bats
  6 frilled lizards
  A jackal zombie (D:5)
  A leopard gecko skeleton (D:4)
  A quokka skeleton (D:4)
  8 rats
153 creatures vanquished.

Vanquished Creatures (collateral kills)
  A gnoll (D:2)
  An orc (D:7)
2 creatures vanquished.

Vanquished Creatures (others)
  A crimson imp (D:6)
  A fungus (D:3)
2 creatures vanquished.

Grand Total: 157 creatures vanquished

Notes
Turn   | Place    | Note
-------+----------+-------------------------------------------
     0 | D:1      | doot the Tengu Wizard began the quest for the Orb.
     0 | D:1      | Reached XP level 1. HP: 10/10 MP: 5/5
   246 | D:1      | Reached XP level 2. HP: 15/15 MP: 1/7
   428 | D:2      | Reached XP level 3. HP: 17/19 MP: 3/9
   588 | D:1      | Learned a level 2 spell: Call Imp
   591 | D:1      | Learned a level 2 spell: Blink
   594 | D:1      | Learned a level 2 spell: Slow
  1373 | D:1      | Reached XP level 4. HP: 24/24 MP: 7/10
  1459 | D:1      | Learned a level 3 spell: Conjure Flame
  2449 | D:3      | Gained mutation: You can fly continuously. [Tengu growth]
  2449 | D:3      | Reached XP level 5. HP: 28/28 MP: 5/12
  2556 | D:3      | Reached skill level 1 in Maces & Flails
  2918 | D:3      | Learned a level 3 spell: Mephitic Cloud
  3091 | D:3      | Found a runed translucent door.
  3092 | D:3      | Noticed Crazy Yiuf
  3281 | D:4      | Found a staircase to the Ecumenical Temple.
  3294 | Temple   | Entered the Ecumenical Temple
  3349 | Temple   | Became a worshipper of Sif Muna the Loreminder
  4057 | D:3      | Killed Crazy Yiuf
  4057 | D:3      | Reached XP level 6. HP: 32/32 MP: 5/13
  4292 | D:4      | Reached skill level 5 in Spellcasting
  4895 | D:4      | Noticed a phantom
  5019 | D:4      | Killed a phantom
  5019 | D:4      | Reached XP level 7. HP: 24/36 MP: 0/16
  5251 | D:4      | Found Igemnenorch's Antique Armour Boutique.
  5264 | D:4      | Reached skill level 1 in Staves
  5591 | D:5      | Entered Level 5 of the Dungeon
  5599 | D:5      | Reached * piety under Sif Muna
  5603 | D:5      | Reached skill level 1 in Fire Magic
  5612 | D:5      | Reached skill level 5 in Conjurations
  6159 | D:5      | Reached skill level 1 in Air Magic
  6159 | D:5      | Reached XP level 8. HP: 42/42 MP: 9/17
  6311 | D:5      | Reached skill level 1 in Fighting
  7011 | D:6      | Learned a level 5 spell: Lee's Rapid Deconstruction
  7019 | D:6      | Learned a level 3 spell: Call Canine Familiar
  7785 | D:7      | Reached skill level 5 in Stealth
  7790 | D:7      | Reached ** piety under Sif Muna
  8254 | D:7      | Reached skill level 1 in Poison Magic
  8301 | D:7      | Found an opulent altar of Gozag.
  8366 | D:7      | Reached XP level 9. HP: 32/48 MP: 13/19
  8654 | D:7      | Found a bloodstained altar of Trog.
  8766 | D:7      | HP: 2/48 [bullfrog (11)]
  8767 | D:7      | Slain by a bullfrog

Skill      XL: |  1  2  3  4  5  6  7  8 |
---------------+-------------------------+-----
Spellcasting   | 4 5 6 |  6.7
Conjurations   | 2 3 4 5 6 |  6.3
Maces & Flails | 1 |  1.8
Stealth        | 3 4 5 |  5.2
Staves         | 1 4 |  4.6
Fire Magic     | 1 3 |  3.5
Air Magic      | 1 |  1.9
Fighting       | 1 |  1.7
Dodging        | 3 |  3.2
Poison Magic   | 1 |  1.2
Summonings     | |  1.6
Translocations | |  0.7

Action                   |  1- 3 |  4- 6 |  7- 9 || total
-------------------------+-------+-------+-------++-------
Melee: Kick              |     1 |    11 |    24 ||    36
       Unarmed           |     1 |       |       ||     1
       Flail             |       |    36 |       ||    36
       Quarterstaff      |       |    29 |   115 ||   144
       Peck              |       |     4 |    13 ||    17
 Cast: Magic Dart        |    82 |   143 |    56 ||   281
       Call Imp          |       |     2 |       ||     2
       Conjure Flame     |       |     4 |    19 ||    23
       Blink             |       |     4 |       ||     4
       Mephitic Cloud    |       |     2 |    19 ||    21
       Call Canine Famil |       |       |     2 ||     2
 Abil: Fly               |       |     1 |       ||     1
  Use: Scroll            |       |       |     4 ||     4
 Stab: Sleeping          |       |     4 |     1 ||     5
       Confused          |       |     1 |     3 ||     4
       Paralysed         |       |       |     5 ||     5
       Distracted        |       |       |     1 ||     1
  Eat: Chunk             |     1 |    11 |     9 ||    21
       Ration            |       |       |     1 ||     1
Armor: Robe              |     9 |     4 |    10 ||    23
Dodge: Dodged            |    35 |    34 |    57 ||   126
